 Dungeon Crawl Stone Soup version 0.28.0-43-g3370ac3207 (webtiles) character file.

Game seed: 8785968497366548487

42 boopmooplesden the Chopper (level 3, -5/33 HPs)
             Began as a Minotaur Berserker on Mar 13, 2022.
             Was a Follower of Trog.
             Slain by Sigmund
             ... wielding a +2 scythe of protection
              (11 damage)
             ... on level 2 of the Dungeon.
             The game lasted 00:01:30 (1203 turns).

boopmooplesden the Chopper (Minotaur Berserker)     Turns: 1203, Time: 00:01:31

Health: -5/33      AC: 15    Str: 23    XL:     3   Next: 35%
Magic:  2/2        EV:  3    Int:  4    God:    Trog [*.....]
Gold:   84         SH:  2    Dex:  9    Spells: 2/2 levels left

rFire   + . .      SeeInvis .   a - +0 hand axe
rCold   + . .      Faith    .   c - +0 buckler
rNeg    . . .      Spirit   .   h - +0 crystal plate armour
rPois   .          Reflect  .   (helmet restricted)
rElec   .          Harm     .   g - scarf {rC+ rF+}
rCorr   .          Rampage  .   (no gloves)
Will    .....                   (no boots)
Stlth   ..........              (no amulet)
HPRegen 0.11/turn               (no ring)
MPRegen 0.08/turn               (no ring)

@: no status effects
A: horns 2, retaliatory headbutt
a: Renounce Religion, Berserk


You were on level 2 of the Dungeon.
You worshipped Trog.
Trog was aware of your devotion.
You visited 1 branch of the dungeon, and saw 2 of its levels.

You collected 84 gold pieces.

Inventory:

Hand Weapons
 a - a +0 hand axe (weapon)
Armour
 c - a +0 buckler (worn)
 g - a scarf of resistance (worn)
 h - a +0 crystal plate armour (worn)
Scrolls
 d - 3 scrolls of identify {unknown}
 e - a scroll of fog {unknown}
 i - a scroll of teleportation {unknown}
Potions
 b - a potion of curing {unknown}
 f - a potion of ambrosia {unknown}


   Skills:
 + Level 4.2 Fighting
 + Level 4.5 Axes
 + Level 2.8 Armour
 + Level 2.4 Dodging


You had 2 spell levels left.
You didn't know any spells.
Your spell library was empty.

Dungeon Overview and Level Annotations

Branches:
Dungeon (1/15)

Altars:

Annotations:
D:2 Sigmund


Innate Abilities, Weirdness & Mutations

You have a pair of horns on your head.
You reflexively headbutt those who attack you in melee.


Message History

You kill the adder!
Trog accepts your kill.
You see here an adder corpse.
Sigmund the Dreaded comes into view.
He is wielding a +2 scythe of protection.
Sigmund shouts!
Sigmund is nearby!
Sigmund is nearby!
Sigmund points at you and mumbles some strange words.
You are confused.
You are too confused!
You miss Sigmund. Your headbutt misses Sigmund.
Sigmund gestures wildly while chanting.
Sigmund flickers and vanishes!
Deactivating autopickup; reactivate with Ctrl-A.
You bump into the rock wall.
You hear some strange, mumbled words.
A magic dart appears from out of thin air!
The magic dart hits you but does no damage.
You miss something. Your headbutt misses something. Something hits you.
You're too confused to move!
You hear some strange, mumbled words.
A puff of flame appears from out of thin air!
The puff of flame hits you but does no damage.
Found 19 sling bullets.
You feel less confused. Something hits you!
You barely miss something.
You hear some strange, mumbled words.
Something tries to affect you, but you resist.
You miss something. Something hits you but does no damage.
You hit something but do no damage. Your headbutt misses something.
You closely miss something. Something hits you.
You hit something but do no damage. Something hits you!
You miss something. Something hits you but does no damage.
You barely miss something. You hit something.
Something hits you but does no damage.
You slash something! Something hits you!
* * * LOW HITPOINT WARNING * * *
You barely miss something. Something hits you!
You die...

.# ###### .#
.....# .# .....#
.## .....# ##..#
.....# #..#
.....###########{#
................@#
.....###########.#
.....# #..# .....#
#...# ###### #...#
# (.#.. # #.#.## #
#.#.# #


There were no monsters in sight!

Vanquished Creatures
  An adder (D:2)
  A worm (D:2)
  A dart slug (D:1)
  3 ball pythons
  An endoplasm (D:1)
  2 giant cockroaches (D:1)
  A goblin (D:2)
  3 hobgoblins (D:1)
  3 jackals (D:1)
  A kobold (D:1)
  5 bats
  2 frilled lizards (D:1)
  A rat (D:1)
25 creatures vanquished.

Notes
Turn   | Place    | Note
-------+----------+-------------------------------------------
     0 | D:1      | boopmooplesden the Minotaur Berserker began the quest for
                  | the Orb.
     0 | D:1      | Reached XP level 1. HP: 19/19 MP: 0/0
   410 | D:1      | Found a faded altar of an unknown god.
   478 | D:1      | Reached XP level 2. HP: 27/27 MP: 1/1
  1018 | D:1      | You fall into a shaft and drop 1 floor!
  1086 | D:2      | Reached XP level 3. HP: 30/33 MP: 2/2
  1187 | D:2      | Noticed Sigmund
  1203 | D:2      | Slain by Sigmund

Illustrated notes

Levels and vault maps discovered:
D:1:      dpeg_arrival_more_subterranean_lakeside_camping, layout_loops_ring,
          hellmonk_ecumenical_altar_lost_god
D:2:      layout_basic, nicolae_shop_unique_rings,
          chequers_serial_rivers_micro_c, chequers_garden,
          serial_bayou_lagoon_a, uniq_sigmund

Skill      XL: |  1  2 |
---------------+-------+-----
Fighting       | 4 |  4.2
Axes           | 4 |  4.5
Armour         | |  2.8
Dodging        | |  2.4

Action                   || total
-------------------------++-------
Melee: Hand axe          ||    87
       Headbutt          ||    12
Armor: Plate armour      ||    13
       Crystal plate arm ||    54
Dodge: Dodged            ||    19
Block: Buckler           ||     1
